 Dungeon Crawl Stone Soup version 0.31-a0-848-gaac375c287 (console) character file.

Game seed: 4232988636023371004

12 capslocke the Changeling (level 2, -2/21 HPs)
             Began as a Merfolk Shapeshifter on Oct 5, 2023.
             Slain by a kobold
             ... wielding a +0 short sword
              (3 damage)
             ... on level 1 of the Dungeon.
             The game lasted 00:01:39 (301 turns).

capslocke the Changeling (Merfolk Shapeshifter)      Turns: 301, Time: 00:01:39

Health: -2/21      AC:  2    Str: 14    XL:     2   Next: 33%
Magic:  2/2        EV: 12    Int:  9    God:
Gold:   3          SH:  0    Dex: 13    Spells: 1/1 levels left

rFire   . .          .
                       - Unarmed
rCold   . . .        (no shield)
rNeg    . . .        a - +0 animal skin
rPois   .            (helmet currently unavailable)
rElec   .            (cloak currently unavailable)
rCorr   .            (gloves currently unavailable)
SInv    .            (boots currently unavailable)
Will    .....        (no amulet)
Stlth   +            (no ring)
HPRegen 0.23/turn    (no ring)
MPRegen 0.08/turn

%: no passive effects
@: beast-form
A: beast (slay +2), (nimble swimmer 2), mertail
a: Begin Untransformation


You were on level 1 of the Dungeon.
You were a hulking beast.
You visited 1 branch of the dungeon, and saw 1 of its levels.

You collected 13 gold pieces.
You spent 10 gold pieces at shops.

Inventory:

Armour
 a - a +0 animal skin (worn)
Talismans
 c - a beast talisman (active)
 d - a flux talisman
Scrolls
 g - a scroll of summoning {unknown}
 h - a scroll of noise
Potions
 b - a potion of lignification
 e - a potion of berserk rage {unknown}
 f - a potion of attraction {unknown}


   Skills:
 + Level 1.1 Fighting
 + Level 2.6 Dodging
 + Level 3.9 Unarmed Combat
 + Level 4.2 Shapeshifting


You had one spell level left.
You didn't know any spells.
Your spell library contained the following spells:

 Spells                   Type           Power      Damage    Failure   Level
 Inner Flame              Hex/Fire       0%         N/A       77%         3
 Yara's Violent Unravell  Hex/Tmut       0%         3d3       100%        5
 Enfeeble                 Hex            0%         N/A       100%        7


Dungeon Overview and Level Annotations

Branches:
Dungeon (1/15)

Altars:

Shops:
D:1 ?!!(


Innate Abilities, Weirdness & Mutations

You are a hulking beast.
Your limbs bulge with bestial killing power. (Slay +2)
((You are very nimble when in or above water. (Stealth+, EV+, Speed+++)))
Your lower body shifts to a powerful aquatic tail in water.


Message History

The jackal bites you.
Found a whip and an emerald potion.
The jackal attacks as it pursues you! The jackal barely misses you.
The jackal closely misses you.
You barely miss the jackal. The jackal closely misses you.
The jackal bites you but does no damage.
You closely miss the jackal. The jackal bites you.
The jackal barely misses you. The jackal closely misses you.
You closely miss the jackal. Your punch misses the jackal.
The jackal closely misses you. The jackal misses you.
The jackal barely misses you.
You hit the jackal.
The jackal is almost dead.
The jackal closely misses you. The jackal bites you.
You hit the jackal.
You kill the jackal!
The jackal bites you.
The kobold hits you with a +0 short sword.
You hit the hobgoblin. Your punch misses the hobgoblin.
The hobgoblin is almost dead.
The jackal bites you but does no damage.
The hobgoblin closely misses you.
The kobold hits you with a +0 short sword.
The jackal bites you.
* * * LOW HITPOINT WARNING * * *
Okay, then.
Okay, then.
You hit the hobgoblin.
You kill the hobgoblin!
The kobold hits you with a +0 short sword.
* * * LOW HITPOINT WARNING * * *
The jackal closely misses you. The jackal bites you.
* * * LOW HITPOINT WARNING * * *
Press: ? - help, v - describe, . - travel, g - get item
Here: a jackal Item here: a hobgoblin corpse.
The floor.
You closely miss the jackal. The jackal bites you.
* * * LOW HITPOINT WARNING * * *
The kobold hits you with a +0 short sword.
You die...

#.# ... #
#.##.. .. #.
#.#..###!
.##.#.....
....B..)
#...#.. .
#...#.###..#
#..##h......
#.lhhK......
##B#########
#....# #....#
#..).# ##'###
#.# #.#
##.##########


You could see 2 jackals, a giant cockroach, a kobold and a frilled lizard.

Vanquished Creatures
  2 endoplasms (D:1)
  3 hobgoblins (D:1)
  A jackal (D:1)
  A quokka (D:1)
  A frilled lizard (D:1)
  A goblin (D:1)
  A kobold (D:1)
  A rat (D:1)
11 creatures vanquished.

Notes
Turn   | Place    | Note
-------+----------+-------------------------------------------
     0 | D:1      | capslocke the Merfolk Shapeshifter began the quest for the
                  | Orb.
     0 | D:1      | Reached XP level 1. HP: 15/15 MP: 1/1
    69 | D:1      | Found Yfylem's Magic Scroll Shop.
    91 | D:1      | Bought a scroll of noise for 10 gold pieces
   162 | D:1      | Found Reir's Distillery.
   163 | D:1      | Found Zauddom's Distillery.
   185 | D:1      | Reached XP level 2. HP: 14/21 MP: 2/2
   220 | D:1      | Found Dalau's Antique Weapon Shop.
   301 | D:1      | HP: 1/21 [jackal (2)]
   301 | D:1      | Slain by a kobold

Illustrated notes

Levels and vault maps discovered:
D:1:      minmay_arrival_four_loops, layout_basic, serial_shops, shop, shop,
          nicolae_shop_crystal, nicolae_shop_tiny_waterfront, shop,
          hellmonk_ecumenical_altar_lost_god

Action                     || total
---------------------------++-------
  Melee: Unarmed           ||    35
 Armour: Animal skin       ||    25
  Dodge: Dodged            ||    20

Table legend: (Time is in decaauts)
 A = Elapsed time spent in this place.
 B = Non-inter-level travel time spent in this place.
 C = Inter-level travel time spent in this place.
 D = Time resting spent in this place.
 E = Time spent auto-exploring this place.
 F = Levels seen in this place.
 G = Mean time per level.
                   A        B        C        D        E       F      G
               +--------+--------+--------+--------+--------+-----+--------+
         Total |    298 |    298 |      0 |     29 |    175 |   1 |  298.0 |
       Dungeon |    298 |    298 |      0 |     29 |    175 |   1 |  298.0 |
               +--------+--------+--------+--------+--------+-----+--------+

Top non-repeatable levels by time:
     D:1: 298 daAuts
